 Dungeon Crawl Stone Soup version bcrawl-1.40.3b (webtiles) character file.

Game seed: 14557162847901161857

16438193 Artagas the Skullcrusher (level 27, 261/261 HPs)
             Began as a Sand Dwarf Wanderer on Nov 20, 2023.
             Was the Champion of Makhleb.
             Escaped with the Orb
             ... and 3 runes on Nov 23, 2023!
             The game lasted 04:19:35 (59607 turns).

Artagas the Skullcrusher (Sand Dwarf Wanderer)     Turns: 59607, Time: 04:19:35

Health: 261/261    AC: 58    Str: 27      XL:     27
Magic:  37/37      EV: 10    Int: 19 (20) God:    Makhleb [******]
Gold:   501        SH: 20    Dex: 12      Spells: 22/46 levels left

rFire    + . .     GDR:     41% a - +27 shillelagh "Devastator" {shatter, Stlth+}
rCold    . . .     SeeInvis .   o - +1 medium shield {rN+}
rNeg     + + .     Gourm    .   c - +10 crystal plate armour
rPois    +         Faith    .   D - +2 helmet
rElec    +         Spirit   .   M - +1 cloak {rPois}
rCorr    .         Reflect  +   S - +2 pair of gloves {archery}
MR       +++..                  C - +5 pair of boots of Cowardice {Str+2}
Stlth    ..........             Z - +4 amulet of reflection
HPRegen  0.53/turn              y - ring of the Omega Point {rElec rN+ Dex+4 Slay+4}
MPRegen  0.25/turn              f - ring of Yckuh {rF+ Str+2 Int+2}

@: deflect missiles, slow
A: small, iridescent scales 1, clumsy 1, deterioration 2, dopey 1, slowness 1,
evolution 1, no potion heal 1, armour attunement
0: Orb of Zot
}: 3/15 runes: decaying, barnacled, silver
a: Minor Destruction, Hew, Major Destruction, Greater Servant of Makhleb,
Renounce Religion


You escaped.
You worshipped Makhleb.
Makhleb was exalted by your worship.
You were not hungry.

You visited 11 branches of the dungeon, and saw 44 of its levels.
You also visited: Bailey.

You collected 9182 gold pieces.
You spent 8681 gold pieces at shops.

Inventory:

Hand Weapons
 a - the +27 shillelagh "Devastator" (weapon) {shatter, Stlth+}
   (You found it on level 4 of the Dungeon)

   It makes you more stealthy.
 b - a +9 fustibalus of velocity
   (You acquired it on level 2 of the Lair of Beasts)
Missiles
 m - 2646 sling bullets
 E - 10 throwing nets {=f}
 I - 2036 poisoned tomahawks (quivered)
Armour
 c - a +10 crystal plate armour (worn)
   (You took it off Donald on level 2 of the Swamp)
 o - a +1 medium shield of positive energy (worn)
   (You found it on level 3 of the Vaults)
 C - the +5 pair of boots of Cowardice (worn) {Str+2}
   (You acquired it on level 3 of the Elven Halls)

   It affects your strength (+2).
 D - a +2 helmet (worn)
   (You found it on level 5 of the Dungeon)
 M - a +1 cloak of poison resistance (worn)
   (You found it on level 3 of the Elven Halls)
 S - a +2 pair of gloves of archery (worn)
   (You found it on level 3 of the Elven Halls)
Jewellery
 f - the ring of Yckuh (right hand) {rF+ Str+2 Int+2}
   (You found it on level 2 of the Crypt)

   [ring of protection from fire]

   It affects your strength (+2).
   It affects your intelligence (+2).
   It protects you from fire.
 p - a +4 ring of protection
   (You found it on level 3 of the Dungeon)
 y - the ring of the Omega Point (left hand) {rElec rN+ Dex+4 Slay+4}
   (You took it off a deep elf mage on level 3 of the Elven Halls)

   [ring of slaying]

   It affects your dexterity (+4).
   It affects your accuracy and damage with ranged weapons and melee attacks
   (+4).
   It insulates you from electricity.
   It protects you from negative energy.
 F - the ring of Gluttony {Ice SInv}
   (You bought it in a shop in the Orcish Mines)

   [ring of ice]

   It enhances your ice magic.
   It makes you vulnerable to fire.
   It protects you from cold.
   It lets you see invisible.
 R - the ring of Ziodghawn {Fire rPois MR+ Str+3}
   (You found it on level 1 of the Realm of Zot)

   [ring of fire]

   It enhances your fire magic.
   It affects your strength (+3).
   It protects you from fire.
   It makes you vulnerable to cold.
   It protects you from poison.
   It affects your resistance to hostile enchantments.
 Z - a +4 amulet of reflection (around neck)
   (You found it on level 12 of the Dungeon)
Wands
 v - a wand of digging (6)
   (You found it on level 4 of the Lair of Beasts)
 H - a wand of iceblast (28)
   (You found it on level 11 of the Dungeon)
 J - a wand of charming (5)
   (You took it off a deep elf mage on level 1 of the Elven Halls)
 O - a wand of paralysis (21)
   (You bought it in a shop in the Orcish Mines)
 Q - a wand of acid (3)
   (You bought it in a shop on level 2 of the Vaults)
 T - a wand of clouds (13)
   (You found it on level 3 of the Lair of Beasts)
Scrolls
 j - 7 scrolls of immolation
 t - 21 scrolls of teleportation
 x - 8 scrolls of revelation
 z - 4 scrolls of blinking
 B - 8 scrolls of fear
 G - 2 scrolls of summoning
 U - 5 scrolls of fog
Potions
 d - 4 potions of might
 h - 4 potions of haste
 l - 7 potions of cancellation
 n - 3 potions of resistance
 q - 21 potions of curing
 s - a potion of agility
 w - 11 potions of heal wounds
 A - 13 potions of magic
 K - 17 potions of lignification
 L - 5 potions of mutation
 P - 3 potions of invisibility
 W - 4 potions of ambrosia
 X - 7 potions of brilliance
 Y - 7 potions of flight
Miscellaneous
 g - a box of beasts
 k - a lamp of fire
   (You found it on level 1 of the Elven Halls)
 r - a lightning rod (4/4)
   (You found it on level 3 of the Shoals)
 u - a phial of floods (inert)
   (You found it on level 2 of the Depths)
 V - a fan of gales (inert)
   (You found it on level 1 of the Lair of Beasts)
Comestibles
 e - 53 rations {!d}


   Skills:
 + Level 24.1 Fighting
 O Level 27 Maces & Flails
 - Level 15.7(16.0) Slings
 - Level 5.0(11.6) Throwing
 + Level 22.5 Armour
 - Level 8.0 Dodging
 + Level 15.9 Shields
 - Level 10.0 Spellcasting
 - Level 5.0 Hexes
 - Level 11.0 Charms
   Level 1.0 Translocations
 - Level 4.0 Transmutations
 - Level 10.0 Fire Magic
 - Level 7.0 Air Magic
 - Level 14.0 Earth Magic
 - Level 8.0 Invocations
 + Level 21.1 Evocations


You had 22 spell levels left.
You knew the following spells:

 Your Spells              Type           Power        Failure   Level  Hunger
a - Flaming Arrows        Chrm/Fire      #####...     1%          2    None
b - Lee's Rapid Deconstr  Erth           ######....   4%          5    ####...
c - Passwall              Tmut/Erth      #####...     1%          2    None
d - Deflect Missiles      Chrm/Air       #####.....   86%         6    #####..
e - Petrify               Tmut/Erth      #####.....   11%         4    #......
f - Spectral Weapon       Hex/Chrm       #####...     4%          3    None
g - Swiftness             Chrm/Air       #####...     1%          2    None

Your spell library contained the following spells:

 Spells                   Type           Power        Failure   Level  Hunger
 Sandblast                Erth           ######       1%          1    None
 Corona                   Hex            ####...      6%          1    None
 Flame Tongue             Conj/Fire      ####.        6%          1    None
 Slow                     Hex            ####....     6%          1    None
 Inner Flame              Hex/Fire       N/A          6%          3    None
 Stone Arrow              Conj/Erth      #####.       8%          3    None
 Shackle                  Hex            ####....     9%          2    None
 Ozocubu's Armour         Chrm/Ice       ####....     14%         3    None
 Poisonous Vapours        Pois/Air       ###...       16%         2    None
 Confuse                  Hex            ####....     17%         3    None
 Conjure Flame            Conj/Fire      ####....     17%         3    None
 Tukima's Dance           Hex            ####....     17%         3    None
 Steam Barrier            Chrm/Fire      #####.....   17%         5    ####...
 Ignite Poison            Fire/Tmut/Pois ####....     21%         3    None
 Ensorcelled Hibernation  Hex/Ice        ###...       24%         2    None
 Throw Frost              Conj/Ice       #.....       26%         2    None
 Airstrike                Air            #####.....   26%         4    #......
 Freeze                   Ice            #.....       41%         1    None
 Magic Dart               Conj           #...         41%         1    None
 Blink                    Tloc           N/A          41%         2    None
 Dazzling Orbs            Conj/Hex       ###....      43%         3    None
 False Image              Hex/Summ       ###.....     43%         3    None
 Mephitic Cloud           Conj/Pois/Air  ###.....     47%         3    None
 Cause Fear               Hex            ####......   50%         4    #......
 Sticky Flame             Conj/Fire      ####....     50%         4    #......
 Spider Form              Tmut/Pois      ###          52%         3    None
 Call Imp                 Summ           #.....       56%         2    None
 Corpse Rot               Necr           N/A          56%         2    None
 Sublimation of Blood     Necr           #.........   56%         2    None
 Tree Form                Hex/Tmut       N/A          56%         4    #......
 Yara's Violent Unravell  Hex/Tmut       ####......   56%         4    #......
 Beckoning                Tloc           ##........   65%         3    None
 Portal Projectile        Tloc           ##....       65%         3    None
 Silence                  Hex/Air        ####......   71%         5    ####...
 Recall                   Summ/Tloc      N/A          73%         3    None
 Fireball                 Conj/Fire      ####......   85%         5    ####...
 Ice Form                 Ice/Tmut       ###.....     89%         4    #......
 Force Lance              Tloc           ##......     96%         4    #......
 Freezing Cloud           Ice/Air        ###.....     96%         5    ####...
 Animate Dead             Necr           N/A          99%         4    #......
 Summon Ice Beast         Ice/Summ       #.......     99%         4    #......
 Throw Icicle             Conj/Ice       #.......     99%         4    #......
 Metabolic Englaciation   Hex/Ice        ###.......   99%         5    ####...
 Summon Mana Viper        Hex/Summ       ###.....     99%         5    ####...
 Summon Demon             Summ           #.........   100%        5    ####...
 Summon Forest            Summ/Tloc      ##........   100%        5    ####...
 Aura of Abjuration       Summ           #.........   100%        6    #####..
 Dispersal                Tloc           ##........   100%        6    #####..
 Ozocubu's Refrigeration  Ice            #.........   100%        6    #####..
 Poison Arrow             Conj/Pois      #.........   100%        6    #####..
 Summon Hydra             Summ           #.........   100%        6    #####..
 Virulence                Hex/Pois       ###.....     100%        6    #####..
 Blight                   Necr/Pois      #........    100%        7    ######.
 Controlled Blink         Tloc           ##......     100%        7    ######.
 Discord                  Hex            ####......   100%        7    ######.
 Shadow Creatures         Summ           N/A          100%        7    ######.
 Chain Lightning          Conj/Air       ###.......   100%        8    #######
 Necromutation            Tmut/Necr      ###.....     100%        8    #######
 Tornado                  Tloc/Air       ###.......   100%        8    #######


Dungeon Overview and Level Annotations

Branches:
Dungeon (12/12)            Temple (1/1) D:6            Lair (6/6) D:7
  Swamp (3/3) Lair:2       Shoals (3/3) Lair:3        Slime (0/5) Orc
    Orc (1/1) D:8             Elf (3/3) Lair:5       Vaults (3/3) D:11
  Crypt (2/2) Vaults:1       Tomb (0/3) Crypt:2      Depths (5/5) D:12
    Zot (5/5) Depths:5

Altars:
Ashenzari
Cheibriados
Dithmenos
Elyvilon
Fedhas
Gozag
Hepliaklqana
Kikubaaqudgha
Lugonu
Makhleb
Nemelex Xobeh
Okawaru
Qazlal
Ru
Sif Muna
Trog
Uskayaw
Vehumet
Wu Jian
Xom
Yredelemnul
Zin
The Shining One
Jiyva

Shops:
D:5 *   D:10 [   Orc }([*=   Elf:1 *   Elf:2 %   Elf:3 ?   Vaults:1 ?*((
Vaults:2 *   Vaults:3 !???%%!!

Portals:
Hell: Depths:1 Depths:2 Depths:3 Depths:4 Depths:5
Abyss: Depths:4 Depths:5
Pandemonium: Depths:3 Depths:5
Ziggurat: Depths:2

Annotations:
D:3 exclusion: downstairs
Elf:1 1 runed door
Elf:2 3 runed doors
Crypt:1 1 exclusion, Khufu
Depths:3 2 transporters, Xutext's ghost, adept DsAK
Depths:4 2 transporters
Zot:3 exclusion: downstairs


Innate Abilities, Weirdness & Mutations

You are small and have problems with some larger weapons.
You cover ground slowly.
Armour does not affect your spellcasting.
You are partially covered in iridescent scales. (AC +2)
You are clumsy. (Dex -2)
Your body often deteriorates upon taking damage.
You are dopey. (Int -2)
You evolve.
Potions are less effective at restoring your health.


Message History

You climb upwards.
Level annotation: exclusion: downstairs
There is a stone staircase leading down here.
Casting: Passwall (safe; 1% risk of failure)
Confirm with . or Enter, or press ? or * to list all spells.
Aiming: Passwall (safe; 1% risk of failure)
Press: ? - help, Dir - move target cursor This square is covered in magical glow.
You begin to meditate on the wall.
You continue meditating on the barrier. x4
You finish merging with the rock.
(D) Dungeon (T) Temple (L) Lair (S) Swamp (A) Shoals (M) Slime Pits (O) Orcish Mines (E) Elven Halls (V) Vaults (C) Crypt (W) Tomb (U) Depths (H) Hell (Z) Zot
Where to? (Enter - D:1 @ (x,y), ? - help)
What level of the Dungeon? (default 1, ? - help) Magic restored.
Things that are here:
a +0 dagger; a +0 club
There is a stone staircase leading up here.
You climb upwards.
There is a stone staircase leading down here.
HP restored.
There is a stone staircase leading up here.
You climb upwards.
There is a stone staircase leading down here.
A gelid black sun comes into view. It is wielding a +0 scimitar.
Throwing (i - inventory. (/) - cycle)
I - 2043 poisoned tomahawks (quivered)
Press: ? - help, Shift-Dir - straight line, f - gelid black sun
Aim: a gelid black sun, wielding a +0 scimitar and wearing a +0 ring mail (surrounded by an icy envelope)
You throw a poisoned tomahawk.
The poisoned tomahawk hits the gelid black sun!!
The gelid black sun is poisoned.
The gelid black sun is moderately wounded.
Throwing (i - inventory. (/) - cycle)
I - 2042 poisoned tomahawks (quivered)
Press: ? - help, Shift-Dir - straight line, f/p - gelid black sun
Aim: a gelid black sun, wielding a +0 scimitar and wearing a +0 ring mail (moderately wounded, poisoned, surrounded by an icy envelope)
You throw a poisoned tomahawk.
The poisoned tomahawk barely misses the gelid black sun.
Throwing (i - inventory. (/) - cycle)
I - 2041 poisoned tomahawks (quivered)
Press: ? - help, Shift-Dir - straight line, f/p - gelid black sun
Aim: a gelid black sun, wielding a +0 scimitar and wearing a +0 ring mail (moderately wounded, poisoned, surrounded by an icy envelope)
You throw a poisoned tomahawk.
The poisoned tomahawk hits the gelid black sun but does no damage.
The gelid black sun looks more poisoned.
The gelid black sun is moderately wounded.
The gelid black sun prays to Kikubaaqudgha.
The gelid black sun begins absorbing vital energies!
Throwing (i - inventory. (/) - cycle)
I - 2040 poisoned tomahawks (quivered)
Press: ? - help, Shift-Dir - straight line, f/p - gelid black sun
Aim: a gelid black sun, wielding a +0 scimitar and wearing a +0 ring mail (moderately wounded, poisoned, surrounded by an icy envelope, absorbing vital energies)
You throw a poisoned tomahawk.
The poisoned tomahawk hits the gelid black sun!!
The gelid black sun looks more poisoned.
The gelid black sun is severely wounded.
Throwing (i - inventory. (/) - cycle)
I - 2039 poisoned tomahawks (quivered)
Press: ? - help, Shift-Dir - straight line, f/p - gelid black sun
Aim: a gelid black sun, wielding a +0 scimitar and wearing a +0 ring mail (severely wounded, poisoned, surrounded by an icy envelope, absorbing vital energies)
You throw a poisoned tomahawk.
The poisoned tomahawk closely misses the gelid black sun.
Throwing (i - inventory. (/) - cycle)
I - 2038 poisoned tomahawks (quivered)
Press: ? - help, Shift-Dir - straight line, f/p - gelid black sun
Aim: a gelid black sun, wielding a +0 scimitar and wearing a +0 ring mail (severely wounded, poisoned, surrounded by an icy envelope, absorbing vital energies)
You throw a poisoned tomahawk.
The poisoned tomahawk hits the gelid black sun!!
The gelid black sun looks more poisoned.
The gelid black sun is almost dead.
Throwing (i - inventory. (/) - cycle)
I - 2037 poisoned tomahawks (quivered)
Press: ? - help, Shift-Dir - straight line, f/p - gelid black sun
Aim: a gelid black sun, wielding a +0 scimitar and wearing a +0 ring mail (almost dead, poisoned, surrounded by an icy envelope, absorbing vital energies)
You throw a poisoned tomahawk.
The poisoned tomahawk hits the gelid black sun!
You kill the gelid black sun!
Makhleb accepts your kill.
No target in view!
Evoke which item? (* to show all) (? for menu, Esc to quit)
Aiming: Dig
Press: ? - help, Shift-Dir - straight line This square is covered in magical glow.
The rock shatters into small pieces.
Evoke which item? (* to show all) (? for menu, Esc to quit)
Aiming: Dig
Press: ? - help, Shift-Dir - straight line This square is covered in magical glow.
The rock shatters into small pieces.
An orange demon comes into view.
You block the orange demon's attack.
The orange demon hits you but does no damage.
The orange demon stings you but does no damage.
You block the orange demon's attack.
You sock the orange demon!
The orange demon shudders.
The orange demon is almost dead. x2
The orange demon stings you but does no damage.
You block the orange demon's attack.
You bludgeon the orange demon!!
You kill the orange demon!
Makhleb accepts your kill.
There is a staircase leading out of the dungeon here.
The power of the Orb breaks the dimensional shunt like a soap bubble!
You have escaped!

#.# #.........#...............#
#.# #.##.#.#.###...####.#####.#
#.###.##.#........#####.# #.#
#........########.....).## #.#
####...##########.####)..## #.#
##.......................###.#
#.......P#≈#P.....P#≈#P...##.#
#......P##≈##P...P##≈##P..##.##
#.......≈≈≈≈≈..@..≈≈≈≈≈....#..##
##.....P##≈##P...P##≈##P.......#
#.......P#≈#P.....P#≈#P.........
#.###.......................#.##
#.# #...#.###.........#....##.#
#.# #....## ##.....##########.#
#.# #.#.## ##...## #.# #.###.#.#
##'## ##.# #.......# #.# #..#


There were no monsters in sight!

Vanquished Creatures
  2 juggernauts
  7 orbs of fire (Zot:5)
  2 ancient liches (Zot:5)
  Mennas (Depths:4)
  Mara (Elf:3)
  Xtahua (Depths:5)
  2 golden dragons
  8 Killer Klowns
  Sojobo (Crypt:1)
  Margery (Depths:4)
  A curse toe (Zot:5)
  A caustic shrike (Depths:2)
  Jory (Depths:1)
  8 rockslimes
  3 electric golems
  3 bone dragons
  15 tentacled monstrosities
  3 wendigos
  A shard shrike skeleton (Crypt:2)
  26 Orb Guardians
  3 liches
  A Hell Sentinel (D:6)
  3 deep elf blademasters (Elf:3)
  A deep elf master archer (Elf:3)
  4 sphinxes
  4 quicksilver dragons
  Kirke (Swamp:2)
  7 death cobs
  9 ancient champions
  5 shadow dragons
  4 tengu reavers
  Agnes (D:12)
  A ghoul (Crypt:1)
  8 storm dragons
  A thorn hunter (Swamp:3)
  Donald (Swamp:2)
  8 draconian knights
  8 draconian monks
  10 frost giants
  3 iron dragons
  Aizul (Vaults:1)
  3 revenants
  11 fire giants
  Louise (Depths:4)
  3 war gargoyles (Vaults:3)
  5 deep elf sorcerers
  An orc warlord (Orc)
  3 mutant beasts (D:11)
  9 vault wardens
  An angel (Zot:5)
  3 ghost moths
  9 deep elf elementalists
  8 draconian shifters
  A ghost moth (shapeshifter) (D:12)
  4 draconian stormcallers
  A curse skull (Crypt:2)
  A draconian annihilator (Zot:5)
  15 ironheart preservers
  4 draconian scorchers
  17 stone giants
  17 very ugly things
  15 jiangshi
  3 eyes of devastation
  3 vampire knights (Crypt:1)
  2 reapers
  A black sun (D:1)
  8 black draconians
  6 deep elf demonologists
  10 purple draconians
  8 deep elf annihilators
  Nessos (D:12)
  9 yellow draconians
  14 dire elephants
  13 green draconians
  21 spark wasps
  2 entropy weavers (Vaults:3)
  7 white draconians
  12 red draconians
  2 eidola (Crypt:1)
  A merfolk javelineer (Shoals:3)
  Josephine (D:12)
  Azrael (Elf:1)
  11 deep elf death magi
  A green death (Depths:3)
  Urug (D:11)
  18 ettins
  7 merfolk impalers
  7 mummy priests
  13 fire dragons
  14 yaktaur captains
  2 deep elf high priests
  25 vault guards (Vaults:3)
  8 ice dragons
  Harold (Lair:2)
  24 hydras
  4 rakshasas
  2 spriggan air magi
  8 ogre magi
  2 shadow wraiths
  9 great orbs of eyes
  A catoblepas (D:12)
  6 death knights
  A merfolk aquamancer (Shoals:3)
  An alligator snapping turtle (Shoals:1)
  2 satyrs
  19 dancing weapons
  4 alligators
  5 tengu warriors (D:12)
  5 merfolk avatars
  A two-headed ogre (shapeshifter) (Vaults:1)
  An anaconda (Lair:6)
  25 two-headed ogres
  8 deep troll shamans
  4 sea snakes
  7 vampire magi
  11 deep troll earth magi
  4 orc high priests (Orc)
  Nergalle (Lair:1)
  2 soul eaters
  5 ironheart beastmasters
  2 goliath frogs
  11 deep elf knights
  3 spriggan berserkers
  13 spriggans
  26 deep trolls
  4 iron trolls
  A storm dragon skeleton (Crypt:2)
  19 centaur warriors
  A salamander mystic (Depths:3)
  8 hell knights
  An unseen horror (D:11)
  37 skeletal warriors
  A glowing orange brain (Depths:2)
  4 spriggan druids
  2 death drakes (Swamp:1)
  7 swamp dragons
  4 flayed ghosts
  3 golden dragon skeletons
  A torturous demonspawn (D:9)
  A lindwurm (Lair:6)
  An anaconda skeleton (Crypt:2)
  8 phantasmal warriors
  A lindwurm (shapeshifter) (Depths:4)
  14 deep elf archers
  7 ironheart convokers (Vaults:3)
  2 cyclopes
  Pikel (D:4)
  7 harpies
  4 orc knights
  A wolf spider (shapeshifter) (Vaults:2)
  6 necromancers
  A tengu skeleton (Vaults:1)
  A shadow dragon skeleton (Crypt:2)
  51 deep elf magi
  5 orc sorcerers
  14 manticores
  10 wizards
  9 fauns
  A salamander (shapeshifter) (D:11)
  A shining eye (Depths:2)
  40 ugly things
  13 moths of wrath
  A shining eye (shapeshifter) (Depths:2)
  3 salamanders
  A stone giant zombie (Crypt:2)
  A shock serpent zombie (Crypt:2)
  14 will-o'-wisps
  3 water nymphs
  10 merfolk sirens
  A frost giant skeleton (Vaults:1)
  A stone giant skeleton (Vaults:1)
  2 guardian serpents (shapeshifter)
  Joseph (D:7)
  6 black mambas
  A rust devil (Depths:3)
  An iron dragon skeleton (Crypt:2)
  3 elephants (Lair:3)
  A sea snake zombie (Crypt:2)
  13 vault sentinels
  An elephant (shapeshifter) (D:11)
  A fire giant skeleton (Vaults:2)
  3 molten gargoyles (Lair:6)
  A shock serpent skeleton (Crypt:2)
  A gargoyle (D:11)
  A cane toad (shapeshifter) (D:11)
  19 cane toads
  A yaktaur zombie (Vaults:2)
  A torpor snail (shapeshifter) (Vaults:3)
  3 kobold demonologists
  An orange demon (D:1)
  6 flying skulls (Crypt:2)
  2 efreet
  6 rime drakes
  12 komodo dragons
  3 demonic crawlers (Elf:1)
  5 freezing wraiths
  6 guardian mummies
  6 tengu conjurers
  32 yaktaurs
  An eye of draining (D:10)
  A hydra zombie (Crypt:2)
  Maurice (D:10)
  2 red devils (Depths:3)
  3 meliai (D:12)
  A polar bear (shapeshifter) (Vaults:1)
  5 wind drakes
  2 polar bears
  6 trolls
  17 hornets
  29 merfolk
  Grinder (D:5)
  53 slime creatures
  A slime creature (shapeshifter) (Vaults:1)
  8 tyrant leeches
  A fire dragon zombie (Crypt:2)
  13 dream sheep
  12 blink frogs
  A harpy skeleton (D:12)
  12 hippogriffs
  8 snapping turtles
  2 bog bodies
  2 raiju (shapeshifter) (Depths:1)
  A hippogriff (shapeshifter) (D:11)
  A goliath frog skeleton (Crypt:2)
  A fire giant simulacrum (Crypt:2)
  6 air elementals
  3 ushabtiu (Crypt:2)
  An ettin skeleton (Crypt:2)
  3 shadows
  35 yaks
  Sigmund (D:6)
  A vampire (D:11)
  A human (shapeshifter) (Depths:3)
  An ice dragon skeleton (Vaults:1)
  5 water elementals
  2 chaos spawn
  11 wraiths
  7 wyverns
  4 basilisks
  4 fire elementals (Elf:1)
  4 fire bats
  2 hogs (Swamp:2)
  A hungry ghost (D:9)
  21 vampire mosquitoes
  3 steam dragons (Lair:6)
  A deep troll zombie (Crypt:1)
  A harpy simulacrum (Crypt:2)
  14 swamp worms
  An acid dragon (D:7)
  A swamp worm (shapeshifter) (Vaults:2)
  A faun zombie (Crypt:1)
  9 hell hounds
  10 crocodiles
  7 water moccasins
  A floating eye (Depths:2)
  11 porcupines
  30 orc warriors
  A gelid demonspawn skeleton (Crypt:2)
  A black bear (D:7)
  6 ice beasts
  7 swamp drakes (Swamp:3)
  A hornet zombie (D:11)
  A blink frog zombie (Crypt:1)
  A large abomination (D:9)
  2 necrophages
  3 sky beasts
  A soldier ant (D:11)
  4 phantoms
  38 ogres
  5 boggarts
  9 wolves
  9 kobold brigands
  13 bullfrogs
  A rime drake skeleton (Crypt:1)
  2 earth elementals (Elf:3)
  A gnoll sergeant (D:8)
  2 yaktaur skeletons
  12 centaurs
  7 human skeletons
  A scorpion (D:12)
  A shapeshifter zombie (Crypt:2)
  A polar bear zombie (Crypt:2)
  A human simulacrum (Vaults:2)
  10 wights
  14 orc priests
  A troll skeleton (Crypt:1)
  A howler monkey (D:6)
  5 lava snakes
  9 crimson imps
  A black bear zombie (Crypt:2)
  9 jellies
  A gnoll shaman (D:8)
  6 hounds
  A bullfrog skeleton (D:8)
  3 iguanas
  Natasha (thrice) (D:4)
  24 orc wizards
  4 worker ants
  5 hound skeletons
  8 adders
  27 gnolls
  4 shadow imps
  3 oozes
  An adder skeleton (D:4)
  An adder zombie (D:7)
  5 worms
  A dart slug (D:2)
  4 leopard geckos
  66 orcs
  A giant cockroach (D:2)
  8 goblins
  17 hobgoblins
  3 jackals
  23 kobolds
  2 quokkas
  3 ball pythons
  A ball python zombie (Crypt:1)
  3 bats
  2 frilled lizards
  A goblin skeleton (Crypt:2)
  A goblin zombie (Crypt:2)
  A kobold zombie (Crypt:1)
  A leopard gecko skeleton (Crypt:2)
  A quokka skeleton (D:4)
  5 rats
  A bush (Shoals:1)
  2 fire vortices
  A fungus (Lair:6)
  6 plants (Shoals:3)
2039 creatures vanquished.

Vanquished Creatures (collateral kills)
  An ancient lich (Zot:5)
  2 golden dragons
  A Killer Klown (Zot:1)
  An electric golem (Zot:1)
  A green draconian (Zot:1)
  A sun demon (D:6)
7 creatures vanquished.

Vanquished Creatures (others)
  A fire giant (Depths:5)
  A draconian knight (Zot:3)
  A stone giant (Depths:3)
  A black draconian (Zot:2)
  A white draconian (Zot:1)
  An ettin (Depths:3)
  3 merfolk javelineers (Shoals:3)
  A merfolk impaler (Shoals:3)
  A merfolk aquamancer (Shoals:3)
  A satyr (Shoals:3)
  A sea snake (Shoals:3)
  An ogre mage (Vaults:2)
  3 centaur warriors
  3 deep elf archers
  A cyclops (Vaults:2)
  A deep elf mage (Elf:1)
  2 fauns (Shoals:2)
  A manticore (Shoals:3)
  4 moths of wrath (Zot:5)
  5 yaktaurs
  A guardian mummy (Crypt:2)
  A merfolk (Shoals:3)
  2 wind drakes (Shoals:3)
  A slave (D:4)
  Blork the orc (D:4)
  A centaur (D:10)
  2 worker ants (D:4)
  A quokka (D:4)
  A ball lightning (Zot:3)
  9 fungi
  7 plants
61 creatures vanquished.

Grand Total: 2107 creatures vanquished

Notes
Turn   | Place    | Note
-------+----------+-------------------------------------------
     0 | D:1      | Artagas the Sand Dwarf Wanderer began the quest for the
                  | Orb.
     0 | D:1      | Artagas set off with the following items: a +0 mace, a +2
                  | scale mail, a +0 buckler, a ration {!d}
     0 | D:1      | Reached XP level 1. HP: 14/14 MP: 2/2
   244 | D:1      | Reached skill level 1 in Fighting
   290 | D:1      | Reached XP level 2. HP: 16/23 MP: 3/3
   877 | D:1      | Reached skill level 5 in Maces & Flails
   955 | D:1      | Reached skill level 2 in Fighting
   970 | D:2      | Reached XP level 3. HP: 16/30 MP: 4/4
  1665 | D:2      | Reached skill level 3 in Fighting
  2013 | D:2      | Reached XP level 4. HP: 38/38 MP: 5/5
  2916 | D:4      | Found a snail-covered altar of Cheibriados.
  2916 | D:4      | Noticed Natasha
  2916 | D:4      | Noticed Pikel
  2916 | D:4      | Noticed a slave
  2916 | D:4      | Noticed a slave
  2916 | D:4      | Noticed a slave
  2916 | D:4      | Noticed a slave
  3028 | D:3      | Reached skill level 4 in Fighting
  3028 | D:3      | Reached skill level 6 in Maces & Flails
  3028 | D:3      | Reached XP level 5. HP: 16/46 MP: 6/6
  3534 | D:4      | Killed Pikel
  3535 | D:4      | Reached skill level 5 in Fighting
  3535 | D:4      | Reached skill level 7 in Maces & Flails
  3535 | D:4      | Reached skill level 6 in Fighting
  3535 | D:4      | Reached skill level 8 in Maces & Flails
  3535 | D:4      | Reached XP level 6. HP: 21/58 MP: 7/7
  3535 | D:4      | Reached XP level 7. HP: 23/64 MP: 8/8
  3813 | D:4      | Killed Blork the orc
  3814 | D:4      | Reached skill level 7 in Fighting
  3814 | D:4      | Reached skill level 9 in Maces & Flails
  3921 | D:4      | Killed Natasha
  3937 | D:4      | Noticed Natasha
  3952 | D:4      | Killed Natasha
  4041 | D:4      | Noticed Natasha
  4073 | D:4      | Killed Natasha
  4117 | D:4      | Found a glowing golden altar of the Shining One.
  4119 | D:4      | Found a stormy altar of Qazlal.
  4215 | D:4      | Reached skill level 1 in Evocations
  4215 | D:4      | Reached XP level 8. HP: 73/73 MP: 9/9
  4245 | D:4      | Found the +0 shillelagh "Devastator" {shatter, Stlth+}
  4544 | D:4      | Found an iron altar of Okawaru.
  4844 | D:5      | Entered Level 5 of the Dungeon
  4852 | D:5      | Reached skill level 2 in Evocations
  4858 | D:5      | Noticed Grinder
  4861 | D:5      | Reached skill level 10 in Maces & Flails
  4874 | D:4      | Reached skill level 8 in Fighting
  4874 | D:4      | Reached skill level 3 in Evocations
  5023 | D:5      | Killed Grinder
  5024 | D:5      | Reached skill level 4 in Evocations
  5116 | D:5      | Reached skill level 11 in Maces & Flails
  5341 | D:5      | Reached skill level 12 in Maces & Flails
  5345 | D:5      | Reached XP level 9. HP: 80/81 MP: 12/12
  5353 | D:5      | Reached skill level 3 in Armour
  5655 | D:5      | Found Lucaxal's Assorted Antiques.
  5665 | D:5      | Bought a gluggy blue potion for 27 gold pieces
  5665 | D:5      | Bought a scroll labeled KONUZU OTO for 30 gold pieces
  5665 | D:5      | Bought a scroll labeled SANOEX DUTALO for 30 gold pieces
  5697 | D:6      | Reached skill level 5 in Evocations
  5718 | D:6      | Found a staircase to the Ecumenical Temple.
  5724 | D:6      | Reached skill level 4 in Armour
  5729 | Temple   | Entered the Ecumenical Temple
  5769 | Temple   | Became a worshipper of Makhleb the Destroyer
  5799 | D:6      | Noticed Sigmund
  5806 | D:6      | Reached skill level 9 in Fighting
  5807 | D:6      | Killed Sigmund
  5821 | D:6      | Reached skill level 13 in Maces & Flails
  5896 | D:6      | Reached skill level 14 in Maces & Flails
  6041 | D:6      | Found a basalt altar of Yredelemnul.
  6045 | D:6      | Found a sacrificial altar of Ru.
  6348 | D:7      | Found a flagged portal.
  6435 | Bailey   | Entered a bailey
  6495 | Bailey   | Reached * piety under Makhleb
  6587 | Bailey   | Reached XP level 10. HP: 89/91 MP: 13/13
  6635 | Bailey   | Reached skill level 1 in Throwing
  6635 | Bailey   | Reached skill level 5 in Armour
  6922 | D:7      | Reached skill level 2 in Throwing
  6941 | D:7      | Reached skill level 10 in Fighting
  6942 | D:7      | Reached skill level 3 in Throwing
  6943 | D:7      | Reached ** piety under Makhleb
  6958 | D:7      | Found a shimmering altar of Xom.
  6958 | D:7      | Noticed an angel
  6960 | D:7      | Found a glowing silver altar of Zin.
  7037 | D:7      | Found a shattered altar of Ashenzari.
  7084 | D:7      | Noticed a manticore
  7091 | D:7      | Killed a manticore
  7092 | D:7      | Reached skill level 4 in Throwing
  7157 | D:7      | Reached skill level 5 in Throwing
  7203 | D:7      | Noticed Joseph
  7219 | D:7      | Killed Joseph
  7415 | D:7      | Reached skill level 3 in Shields
  7418 | D:7      | Reached skill level 6 in Evocations
  7444 | D:7      | Reached skill level 6 in Armour
  7456 | D:7      | Reached skill level 4 in Shields
  7494 | D:7      | Reached skill level 11 in Fighting
  7494 | D:7      | Reached XP level 11. HP: 102/102 MP: 15/15
  7525 | D:7      | Found a staircase to the Lair.
  7742 | Lair:1   | Entered Level 1 of the Lair of Beasts
  7744 | Lair:1   | Noticed Nergalle
  7751 | Lair:1   | Reached skill level 1 in Dodging
  7771 | Lair:1   | Killed Nergalle
  7786 | Lair:1   | Reached skill level 2 in Dodging
  7793 | Lair:1   | Reached skill level 7 in Armour
  8401 | Lair:1   | Reached skill level 3 in Dodging
  9055 | Lair:2   | Reached skill level 12 in Fighting
  9055 | Lair:2   | Reached skill level 8 in Armour
  9126 | Lair:2   | Reached skill level 4 in Dodging
  9143 | Lair:2   | Reached skill level 1 in Invocations
  9229 | Lair:2   | Noticed Harold
  9240 | Lair:2   | Reached skill level 2 in Invocations
  9245 | Lair:2   | Reached *** piety under Makhleb
  9256 | Lair:2   | Killed Harold
  9257 | Lair:2   | Reached skill level 3 in Invocations
  9372 | Lair:2   | Reached skill level 4 in Invocations
  9399 | Lair:2   | Reached skill level 5 in Invocations
  9399 | Lair:2   | Reached XP level 12. HP: 81/112 MP: 16/16
  9623 | Lair:2   | Reached skill level 5 in Shields
  9722 | Lair:2   | Found a staircase to the Swamp.
 10298 | Lair:2   | Identified 4 scrolls of acquirement
 10298 | Lair:2   | Identified the +2 helmet "Zuomagig" {Dex+4} (You acquired
                  | it on level 2 of the Lair of Beasts)
 10298 | Lair:2   | Identified the ring of Sedoj {rN+ rCorr Stlth+} (You
                  | acquired it on level 2 of the Lair of Beasts)
 10300 | Lair:2   | Identified the ring of Puxejy {Ice rN+ Str-3 Slay+2} (You
                  | acquired it on level 2 of the Lair of Beasts)
 10302 | Lair:2   | Identified the ring of Amorality {rN+ Dex+5 Stlth+} (You
                  | acquired it on level 2 of the Lair of Beasts)
 10304 | Lair:2   | Identified the ring "Amuthoar" {+Fly rElec MP+9 Int+3} (You
                  | acquired it on level 2 of the Lair of Beasts)
 10495 | Lair:3   | Reached skill level 6 in Shields
 10512 | Lair:3   | Reached skill level 15 in Maces & Flails
 10602 | Lair:3   | Reached skill level 16 in Maces & Flails
 10747 | Lair:3   | Reached skill level 17 in Maces & Flails
 11052 | Lair:3   | Found a staircase to the Shoals.
 11118 | Lair:4   | Reached skill level 18 in Maces & Flails
 11194 | Lair:4   | Reached **** piety under Makhleb
 11314 | Lair:4   | Reached skill level 19 in Maces & Flails
 11618 | Lair:4   | Noticed a seven-headed hydra
 11628 | Lair:4   | Killed a seven-headed hydra
 11820 | Lair:4   | Noticed a fire dragon
 11836 | Lair:4   | Killed a fire dragon
 11837 | Lair:4   | Reached skill level 20 in Maces & Flails
 12139 | Lair:5   | Found a staircase to the Elven Halls.
 12142 | Lair:5   | Noticed a five-headed hydra
 12154 | Lair:5   | Killed a five-headed hydra
 12155 | Lair:5   | Reached skill level 21 in Maces & Flails
 12155 | Lair:5   | Reached XP level 13. HP: 118/118 MP: 17/17
 12518 | Lair:5   | Reached skill level 22 in Maces & Flails
 12786 | Lair:6   | Entered Level 6 of the Lair of Beasts
 13070 | Lair:6   | Reached skill level 7 in Evocations
 13197 | Lair:6   | Reached skill level 13 in Fighting
 13206 | Lair:6   | Reached skill level 9 in Armour
 13322 | Lair:6   | Reached skill level 8 in Evocations
 13335 | Lair:6   | Reached ***** piety under Makhleb
 13578 | Lair:6   | Reached XP level 14. HP: 130/130 MP: 20/20
 13581 | Lair:6   | Reached skill level 14 in Fighting
 13600 | Lair:6   | Reached skill level 10 in Armour
 13611 | Lair:6   | Reached skill level 9 in Evocations
 13690 | Lair:6   | Found a large runed door.
 13691 | Lair:6   | Found a large runed door.
 14102 | Lair:6   | Reached skill level 11 in Armour
 14102 | Lair:6   | Identified the Papyrus of the Glacier
 14619 | D:8      | Found a staircase to the Orcish Mines.
 15066 | D:8      | Reached skill level 10 in Evocations
 15073 | D:8      | Identified the +2 leather armour "Xiaquu Kama" {rElec rF+
                  | Str+3 Dex+3}
 15276 | D:9      | Found a hazy altar of Hepliaklqana.
 15492 | D:9      | Found a blossoming altar of Fedhas.
 15856 | D:10     | Entered Level 10 of the Dungeon
 15856 | D:10     | Found a viscous altar of Jiyva.
 15878 | D:10     | Reached ****** piety under Makhleb
 15967 | D:10     | Reached skill level 12 in Armour
 16245 | D:10     | Found Uloleh's Antique Armour Emporium.
 16258 | D:10     | Bought a pair of shimmering gloves for 256 gold pieces
 16258 | D:10     | Bought a glowing chain mail for 202 gold pieces
 16268 | D:10     | Reached skill level 15 in Fighting
 16273 | D:10     | Identified the cursed +0 pair of gloves "Gyrafap" {MR-
                  | Str+3 Dex+6} (You bought it in a shop on level 10 of the
                  | Dungeon)
 16332 | D:10     | Noticed Maurice
 16343 | D:10     | Killed Maurice
 16344 | D:10     | Reached skill level 1 in Slings
 16458 | D:10     | Reached skill level 2 in Slings
 16669 | D:10     | Reached skill level 3 in Slings
 16686 | D:10     | Reached skill level 4 in Slings
 16750 | D:10     | Found a shattered altar of Ashenzari.
 16945 | D:11     | Reached skill level 5 in Slings
 17092 | D:11     | Reached skill level 6 in Slings
 17157 | D:11     | Reached XP level 15. HP: 141/141 MP: 22/22
 17167 | D:11     | Noticed Urug
 17179 | D:11     | Killed Urug
 17180 | D:11     | Reached skill level 7 in Slings
 17416 | D:11     | Noticed a mature batweird beast
 17417 | D:11     | Noticed a mature weirdbat beast
 17418 | D:11     | Found a gate to the Vaults.
 17418 | D:11     | Found a runed translucent door.
 17418 | D:11     | Noticed a mature shockbat beast
 17534 | D:11     | Reached skill level 8 in Slings
 17753 | D:12     | Entered Level 12 of the Dungeon
 17764 | D:12     | Noticed Agnes
 17767 | D:12     | Paralysed by Agnes for 2 turns
 17770 | D:12     | Paralysed by Agnes for 4 turns
 17777 | D:12     | Noticed Nessos
 17779 | D:12     | Killed Agnes
 18159 | D:12     | Noticed Josephine
 18164 | D:12     | Killed Josephine
 18165 | D:12     | Reached skill level 9 in Slings
 18323 | D:12     | Got a shimmering broad axe
 18409 | D:12     | Killed a ghost moth
 18410 | D:12     | Reached skill level 10 in Slings
 18528 | D:12     | Found a staircase to the Depths.
 18656 | D:12     | Reached skill level 11 in Slings
 18917 | D:12     | Killed Nessos
 19289 | Orc      | Entered the Orcish Mines
 19289 | Orc      | Found Liumer's Gadget Boutique.
 19731 | Orc      | Bought a wand of paralysis (10) for 165 gold pieces
 20051 | Orc      | Noticed an orc warlord
 20065 | Orc      | Killed an orc warlord
 20134 | Orc      | Found a staircase to the Slime Pits.
 20134 | Orc      | Found a viscous altar of Jiyva.
 20431 | Orc      | Found Weqo's Antique Armour Emporium.
 20432 | Orc      | Found Lokhef's Antique Weapon Emporium.
 20434 | Orc      | Found Efeudgh's General Store.
 20434 | Orc      | Found Fesypam's Jewellery Shoppe.
 20451 | Orc      | Bought a potion of brilliance for 40 gold pieces
 20451 | Orc      | Bought a scroll of identify for 20 gold pieces
 20451 | Orc      | Bought a scroll of revelation for 40 gold pieces
 20451 | Orc      | Bought a scroll of identify for 20 gold pieces
 20728 | Orc      | Bought a shiny buckler for 210 gold pieces
 20890 | Swamp:1  | Entered Level 1 of the Swamp
 20898 | Swamp:1  | Reached XP level 16. HP: 145/149 MP: 23/23
 21165 | Swamp:1  | Reached skill level 5 in Dodging
 21165 | Swamp:1  | Reached skill level 7 in Shields
 22322 | Swamp:2  | Reached skill level 13 in Armour
 22380 | Swamp:2  | Noticed Kirke
 22920 | Swamp:2  | Killed Kirke
 22929 | Swamp:2  | Noticed Donald
 22944 | Swamp:2  | Killed Donald
 22945 | Swamp:2  | Reached skill level 16 in Fighting
 22945 | Swamp:2  | Reached skill level 6 in Dodging
 22945 | Swamp:2  | Reached skill level 8 in Shields
 23616 | Swamp:3  | Entered Level 3 of the Swamp
 23767 | Swamp:3  | Reached skill level 6 in Invocations
 23819 | Swamp:3  | Reached skill level 7 in Invocations
 23890 | Swamp:3  | Noticed a thorn hunter
 23897 | Swamp:3  | Reached skill level 8 in Invocations
 23902 | Swamp:3  | Killed a thorn hunter
 24034 | Swamp:3  | Reached skill level 11 in Evocations
 24039 | Swamp:3  | Reached XP level 17. HP: 158/158 MP: 25/25
 24396 | Swamp:3  | Reached skill level 12 in Evocations
 24605 | Swamp:3  | Got a decaying rune of Zot
 24913 | Shoals:1 | Entered Level 1 of the Shoals
 25041 | Shoals:1 | Reached skill level 14 in Armour
 25648 | Shoals:1 | Reached skill level 15 in Armour
 26145 | Shoals:1 | Identified the +2 animal skin "Gaqiuk" {rCorr}
 26283 | Shoals:2 | Reached skill level 9 in Shields
 26910 | Shoals:3 | Entered Level 3 of the Shoals
 26944 | Shoals:3 | Reached skill level 10 in Shields
 27233 | Shoals:3 | Reached skill level 11 in Shields
 27378 | Shoals:3 | Identified the cursed +1 chain mail of Mutualism {*Contam
                  | Int+4 Dex+4 Slay+3}
 27480 | Shoals:3 | Reached XP level 18. HP: 158/168 MP: 27/27
 27661 | Shoals:3 | Reached skill level 17 in Fighting
 27727 | Shoals:3 | Got a barnacled rune of Zot
 28632 | Vaults:1 | Entered Level 1 of the Vaults
 28658 | Vaults:1 | Found Tyasys's Weapon Shop.
 28689 | Vaults:1 | Noticed Aizul
 29147 | Elf:1    | Entered Level 1 of the Elven Halls
 29147 | Elf:1    | Found a runed gate.
 29147 | Elf:1    | Found a runed gate.
 29147 | Elf:1    | Found a runed gate.
 29147 | Elf:1    | Found a runed gate.
 29147 | Elf:1    | Found a runed gate.
 29147 | Elf:1    | Found a runed gate.
 29149 | Elf:1    | Found a runed door.
 29165 | Elf:1    | Found a runed door.
 29175 | Elf:1    | Reached skill level 18 in Fighting
 29272 | Elf:1    | Reached skill level 12 in Slings
 29333 | Elf:1    | Found a radiant altar of Vehumet.
 29442 | Elf:1    | Noticed Azrael
 29452 | Elf:1    | Killed Azrael
 29875 | Elf:1    | Learned a level 2 spell: Passwall
 29881 | Elf:1    | Learned a level 5 spell: Lee's Rapid Deconstruction
 29994 | Elf:1    | Found Fubuakk's Assorted Antiques.
 30042 | Elf:1    | Reached skill level 2 in Earth Magic
 30088 | Elf:1    | Bought a small onyx ring for 180 gold pieces
 30348 | Elf:2    | Reached skill level 2 in Spellcasting
 30494 | Elf:2    | Reached skill level 3 in Earth Magic
 30763 | Elf:2    | Found Kouval's Food Boutique.
 30844 | Elf:2    | Reached skill level 3 in Spellcasting
 30844 | Elf:2    | Reached skill level 4 in Earth Magic
 30920 | Elf:2    | Reached skill level 16 in Armour
 31114 | Elf:2    | Found a runed gate.
 31114 | Elf:2    | Found a runed gate.
 31126 | Elf:2    | Found a runed gate.
 31504 | Vaults:1 | Reached XP level 19. HP: 119/179 MP: 28/28
 31507 | Vaults:1 | Killed Aizul
 31508 | Vaults:1 | Reached skill level 5 in Earth Magic
 31521 | Vaults:1 | Found Pedirom's Magic Scroll Shoppe.
 31527 | Vaults:1 | Bought 2 scrolls of enchant weapon for 180 gold pieces
 31527 | Vaults:1 | Bought a scroll of enchant armour for 90 gold pieces
 31527 | Vaults:1 | Bought a scroll of teleportation for 36 gold pieces
 31527 | Vaults:1 | Bought a scroll of teleportation for 36 gold pieces
 31677 | Vaults:1 | Reached skill level 4 in Spellcasting
 31734 | Vaults:1 | Reached skill level 6 in Earth Magic
 31986 | Vaults:1 | Reached skill level 5 in Spellcasting
 32010 | Vaults:1 | Learned a level 2 spell: Flaming Arrows
 32045 | Vaults:1 | Reached skill level 1 in Fire Magic
 32119 | Vaults:1 | Reached skill level 1 in Charms
 32133 | Vaults:1 | Reached skill level 7 in Earth Magic
 32137 | Vaults:1 | Reached skill level 2 in Fire Magic
 32210 | Vaults:1 | Reached skill level 2 in Charms
 32403 | Vaults:1 | Reached skill level 3 in Fire Magic
 32446 | Vaults:1 | Reached skill level 3 in Charms
 32461 | Vaults:1 | Reached skill level 6 in Spellcasting
 32716 | Vaults:1 | Reached skill level 4 in Fire Magic
 32740 | Vaults:1 | Reached skill level 8 in Earth Magic
 32819 | Vaults:1 | Found Yzeofyil's Weapon Shoppe.
 32946 | Vaults:1 | Found Yzaom's General Store.
 32955 | Vaults:1 | Bought a scroll of teleportation for 45 gold pieces
 32955 | Vaults:1 | Bought a scroll of enchant armour for 112 gold pieces
 33139 | Vaults:1 | Reached skill level 4 in Charms
 33160 | Vaults:1 | Reached skill level 5 in Fire Magic
 33186 | Vaults:1 | Found a staircase to the Crypt.
 33624 | Vaults:2 | Reached skill level 9 in Earth Magic
 33626 | Vaults:2 | Reached skill level 7 in Spellcasting
 33629 | Vaults:2 | Reached skill level 6 in Fire Magic
 34009 | Vaults:2 | Found Jeagaura's General Store.
 34012 | Vaults:2 | Bought a wand of acid (6) for 294 gold pieces
 34012 | Vaults:2 | Bought a wand of iceblast (11) for 378 gold pieces
 34054 | Vaults:2 | Reached XP level 20. HP: 187/187 MP: 31/31
 34072 | Vaults:2 | Reached skill level 7 in Fire Magic
 34107 | Vaults:2 | Reached skill level 10 in Earth Magic
 34308 | Vaults:2 | Reached skill level 8 in Spellcasting
 34315 | Vaults:2 | Reached skill level 8 in Fire Magic
 34429 | Vaults:2 | Reached skill level 11 in Earth Magic
 34587 | Vaults:2 | Reached skill level 12 in Earth Magic
 35266 | Orc      | Bought the ring of Gluttony {Ice SInv} for 468 gold pieces
 35544 | Crypt:1  | Entered Level 1 of the Crypt
 35618 | Crypt:1  | Paralysed by something for 4 turns
 35636 | Crypt:1  | Noticed Sojobo
 35650 | Crypt:1  | Killed Sojobo
 35664 | Crypt:1  | Killed the ghostly Sojobo
 35665 | Crypt:1  | Reached skill level 17 in Armour
 35999 | Crypt:1  | Reached skill level 5 in Charms
 36012 | Crypt:1  | Reached skill level 9 in Fire Magic
 36085 | Crypt:1  | Reached XP level 21. HP: 116/195 MP: 33/33
 36410 | Crypt:1  | Reached skill level 6 in Charms
 36536 | Crypt:1  | Noticed Khufu
 37169 | Crypt:1  | Reached skill level 10 in Fire Magic
 37274 | Crypt:1  | Reached skill level 19 in Fighting
 37436 | Crypt:2  | Entered Level 2 of the Crypt
 37541 | Crypt:2  | Reached skill level 13 in Slings
 38106 | Crypt:2  | Reached skill level 13 in Evocations
 38473 | Crypt:2  | Reached skill level 18 in Armour
 38660 | Crypt:2  | Found an ancient bone altar of Kikubaaqudgha.
 38660 | Crypt:2  | Noticed a bone dragon
 38664 | Crypt:2  | Noticed a bone dragon
 38668 | Crypt:2  | Killed a bone dragon
 38684 | Crypt:2  | Killed a bone dragon
 38758 | Crypt:2  | Found a basalt altar of Yredelemnul.
 38784 | Crypt:2  | Identified the ring of Yckuh {rF+ Str+2 Int+2}
 38804 | Crypt:2  | Found the +8 kris "Leech" {manaleech, *Drain MR+}
 38868 | Crypt:2  | Identified the +8 flail of the Five Moons {holy, Int+6}
 38902 | Crypt:2  | !get leech
 39005 | Crypt:2  | Found a staircase to the Tomb.
 39071 | Crypt:2  | Learned a level 6 spell: Deflect Missiles
 39518 | Elf:3    | Entered Level 3 of the Elven Halls
 39577 | Elf:3    | Reached XP level 22. HP: 174/207 MP: 34/34
 39610 | Elf:3    | Reached skill level 20 in Fighting
 39618 | Elf:3    | Noticed Mara
 39619 | Elf:3    | Reached skill level 1 in Air Magic
 39629 | Elf:3    | Killed Mara
 39630 | Elf:3    | Reached skill level 2 in Air Magic
 39756 | Elf:3    | Reached skill level 7 in Charms
 39853 | Elf:3    | Reached skill level 3 in Air Magic
 40247 | Elf:3    | Found Quir's Magic Scroll Shop.
 40255 | Elf:3    | Bought a scroll of acquirement for 832 gold pieces
 40255 | Elf:3    | Bought a scroll of enchant armour for 120 gold pieces
 40255 | Elf:3    | Bought a scroll of teleportation for 48 gold pieces
 40255 | Elf:3    | Bought a scroll of fear for 80 gold pieces
 40255 | Elf:3    | Bought a scroll of revelation for 64 gold pieces
 40255 | Elf:3    | Bought a scroll of fear for 80 gold pieces
 40255 | Elf:3    | Identified the +5 pair of boots of Cowardice {Str+2} (You
                  | acquired it on level 3 of the Elven Halls)
 40255 | Elf:3    | Identified the amulet "Xoqics" {RegenMP Str+7} (You
                  | acquired it on level 3 of the Elven Halls)
 40255 | Elf:3    | Identified the Collected Works on Scorching Darkness (You
                  | acquired it on level 3 of the Elven Halls)
 40371 | Elf:3    | Identified the cursed +2 great sword "Akkumoli" {flame,
                  | rElec rPois rC+ Str+3}
 40371 | Elf:3    | Identified the ring "Ponkik" {Wiz Stlth+}
 40559 | Elf:3    | Reached skill level 4 in Air Magic
 40574 | Elf:3    | Identified the +5 storm dragon scales of Hemil {rElec rF+
                  | MR- Str+10 Dex-3}
 40589 | Elf:3    | Reached skill level 8 in Charms
 40633 | Elf:3    | Identified the ring of the Omega Point {rElec rN+ Dex+4
                  | Slay+4}
 40981 | Elf:3    | Identified the +4 chain mail of the Jolly Moons {rElec MR+
                  | Int+3}
 40981 | Elf:3    | Identified the cursed ring "Niff" {rF+ Stlth--}
 40989 | Elf:3    | Reached skill level 5 in Air Magic
 41231 | Elf:3    | Reached skill level 9 in Charms
 41533 | Elf:3    | Identified the ring of Pong {rElec rN+ MP+9}
 41599 | Elf:3    | Identified the ring "Rouxt" {+Fly rElec MP+9 Slay+2}
 41982 | Elf:3    | Identified the +3 chain mail of Dishonour {rPois MR+ Str-5}
 42111 | Elf:3    | Identified the +0 crystal plate armour of Misanthropy
                  | {Int+2} (You acquired it on level 3 of the Elven Halls)
 42111 | Elf:3    | Identified the ring "Cakuph" {rElec rPois rC- Dex+3 Stlth+}
                  | (You acquired it on level 3 of the Elven Halls)
 42113 | Elf:3    | Upgraded the game from bcrawl-1.40.3 to bcrawl-1.40.3b
 42416 | Depths:1 | Entered Level 1 of the Depths
 42424 | Depths:1 | Reached skill level 6 in Air Magic
 42732 | Depths:1 | Reached skill level 10 in Charms
 43090 | Depths:1 | Reached skill level 7 in Air Magic
 43322 | Depths:1 | Reached skill level 11 in Charms
 43538 | Depths:1 | Reached XP level 23. HP: 204/214 MP: 35/35
 43701 | Depths:1 | Found a gateway to Hell.
 43775 | Depths:1 | Found a corrupted altar of Lugonu.
 43795 | Depths:1 | Identified the cursed +1 leather armour of Wauklof {Str+3}
 43953 | Depths:2 | Reached skill level 9 in Spellcasting
 44123 | Depths:2 | Noticed a Killer Klown
 44135 | Depths:2 | Killed a Killer Klown
 44170 | Depths:2 | Noticed a juggernaut
 44184 | Depths:2 | Reached skill level 10 in Spellcasting
 44194 | Depths:2 | Killed a juggernaut
 44230 | Depths:2 | Noticed a Killer Klown
 44240 | Depths:2 | Killed a Killer Klown
 44241 | Depths:2 | Reached skill level 23 in Maces & Flails
 44846 | Depths:2 | Found a gateway to a ziggurat.
 44852 | Depths:2 | Paralysed by a floating eye for 3 turns
 44853 | Depths:2 | Reached skill level 24 in Maces & Flails
 45071 | Depths:3 | Noticed Xutext's ghost (adept DsAK)
 45073 | Depths:3 | Noticed a caustic shrike
 45080 | Depths:3 | Found a transporter.
 45103 | Depths:3 | Noticed a Killer Klown
 45121 | Depths:2 | Killed a Killer Klown
 45155 | Depths:2 | Noticed a caustic shrike
 45162 | Depths:2 | Killed a caustic shrike
 45244 | Depths:3 | Reached skill level 14 in Evocations
 45255 | Depths:3 | Noticed Jory
 45432 | Depths:1 | Killed Jory
 45433 | Depths:1 | Reached skill level 14 in Slings
 45666 | Depths:3 | Reached XP level 24. HP: 224/224 MP: 27/37
 45763 | Depths:3 | Reached skill level 15 in Evocations
 45840 | Depths:3 | Reached skill level 15 in Slings
 45940 | Depths:3 | Identified the +5 scale mail of Womepn {SInv}
 46144 | Depths:3 | Found a transporter.
 46378 | Depths:3 | Found a one-way gate leading to the halls of Pandemonium.
 46492 | Depths:4 | Noticed Mennas
 46507 | Depths:4 | Killed Mennas
 46513 | Depths:4 | Learned a level 4 spell: Petrify
 46616 | Depths:4 | Reached skill level 1 in Transmutations
 46659 | Depths:4 | Noticed Louise
 46668 | Depths:4 | Killed Louise
 46718 | Depths:4 | Found a one-way gate to the infinite horrors of the Abyss.
 46767 | Depths:4 | Reached skill level 2 in Transmutations
 47117 | Depths:4 | Noticed Margery
 47121 | Depths:4 | Reached skill level 3 in Transmutations
 47133 | Depths:4 | Killed Margery
 47251 | Depths:4 | Reached skill level 4 in Transmutations
 47328 | Depths:4 | Found a corrupted altar of Lugonu.
 47329 | Depths:4 | Found a transporter.
 47372 | Depths:4 | Found a transporter.
 47607 | Depths:5 | Entered Level 5 of the Depths
 47700 | Depths:5 | Reached skill level 21 in Fighting
 47927 | Depths:5 | Noticed Xtahua
 47943 | Depths:5 | Killed Xtahua
 47944 | Depths:5 | Found the +6 fire dragon scales of Xtahua {rF+++ rC- MR+}
 48510 | Depths:5 | Reached skill level 19 in Armour
 48517 | Depths:5 | Reached XP level 25. HP: 235/235 MP: 37/37
 48548 | Depths:5 | Reached skill level 16 in Evocations
 48705 | Depths:5 | Noticed a golden dragon
 48791 | Depths:5 | Killed a golden dragon
 48975 | Depths:5 | Noticed a Killer Klown
 48985 | Depths:5 | Killed a Killer Klown
 49022 | Depths:5 | Reached skill level 25 in Maces & Flails
 49256 | Depths:5 | Found a gate to the Realm of Zot.
 49837 | Vaults:3 | Entered Level 3 of the Vaults
 49881 | Vaults:3 | Reached skill level 26 in Maces & Flails
 49931 | Vaults:3 | Noticed a juggernaut
 49943 | Vaults:3 | Killed a juggernaut
 49976 | Vaults:3 | Reached skill level 27 in Maces & Flails
 50079 | Vaults:3 | Got a silver rune of Zot
 50080 | Vaults:3 | Identified the amulet of Rutyet {Inacc *Drain Int+3 Dex+3}
 50363 | Vaults:3 | Reached XP level 26. HP: 244/244 MP: 37/37
 50434 | Vaults:3 | Identified the +2 leather armour "Giarareu" {rPois rC+ MR+}
 50652 | Vaults:3 | Identified the +0 helmet of the Heron {*Corrode MR+ Regen+
                  | MP+9}
 50663 | Vaults:3 | Identified the Incunabulum of Entrancing Weightlessness
 50745 | Vaults:3 | Identified the cursed +0 buckler of the Armoured One {Int+3
                  | Dex+4}
 50753 | Vaults:3 | Reached skill level 7 in Dodging
 50944 | Vaults:3 | Found Tobrihel's Magic Scroll Boutique.
 50984 | Vaults:3 | Found Ruhauff's Food Shoppe.
 50984 | Vaults:3 | Found Biradoerch's Food Boutique.
 51033 | Vaults:3 | Found Riaf's Magic Scroll Emporium.
 51041 | Vaults:3 | Bought a scroll of revelation for 92 gold pieces
 51041 | Vaults:3 | Bought a scroll of teleportation for 69 gold pieces
 51041 | Vaults:3 | Bought a scroll of blinking for 172 gold pieces
 51041 | Vaults:3 | Bought a scroll of blinking for 172 gold pieces
 51041 | Vaults:3 | Bought a scroll of fog for 46 gold pieces
 51041 | Vaults:3 | Bought a scroll of enchant armour for 172 gold pieces
 51041 | Vaults:3 | Bought a scroll of fear for 115 gold pieces
 51041 | Vaults:3 | Bought a scroll of teleportation for 69 gold pieces
 51054 | Vaults:3 | Found Cyzxue's Distillery.
 51054 | Vaults:3 | Found Faymoapp's Distillery.
 51059 | Vaults:3 | Bought a potion of heal wounds for 50 gold pieces
 51059 | Vaults:3 | Bought a potion of haste for 100 gold pieces
 51059 | Vaults:3 | Bought a potion of cancellation for 50 gold pieces
 51059 | Vaults:3 | Bought a potion of ambrosia for 40 gold pieces
 51059 | Vaults:3 | Bought a potion of brilliance for 40 gold pieces
 51059 | Vaults:3 | Bought a potion of magic for 50 gold pieces
 51059 | Vaults:3 | Bought a potion of curing for 25 gold pieces
 51059 | Vaults:3 | Bought a potion of resistance for 100 gold pieces
 51059 | Vaults:3 | Bought a potion of ambrosia for 40 gold pieces
 51059 | Vaults:3 | Bought a potion of haste for 100 gold pieces
 51071 | Vaults:3 | Bought a potion of experience for 700 gold pieces
 51071 | Vaults:3 | Reached skill level 12 in Shields
 51071 | Vaults:3 | Reached skill level 17 in Evocations
 51071 | Vaults:3 | Reached XP level 27. HP: 251/251 MP: 37/37
 51072 | Vaults:3 | Bought 2 potions of might for 112 gold pieces
 51072 | Vaults:3 | Bought a potion of might for 56 gold pieces
 51072 | Vaults:3 | Bought a potion of resistance for 140 gold pieces
 51072 | Vaults:3 | Bought a potion of haste for 140 gold pieces
 51072 | Vaults:3 | Bought a potion of flight for 56 gold pieces
 51072 | Vaults:3 | Bought a potion of heal wounds for 70 gold pieces
 51072 | Vaults:3 | Bought a potion of curing for 35 gold pieces
 51072 | Vaults:3 | Bought a potion of heal wounds for 70 gold pieces
 51072 | Vaults:3 | Bought a potion of might for 56 gold pieces
 51072 | Vaults:3 | Bought a potion of curing for 35 gold pieces
 51072 | Vaults:3 | Bought a potion of invisibility for 112 gold pieces
 51182 | Vaults:3 | Identified the +5 mace of Foolhardiness {crush, +Blink SInv
                  | Stlth-}
 51263 | Vaults:3 | Bought a scroll of teleportation for 51 gold pieces
 51263 | Vaults:3 | Bought a scroll of teleportation for 51 gold pieces
 51263 | Vaults:3 | Bought a scroll of teleportation for 51 gold pieces
 51267 | Vaults:3 | Found Wohynukk's Magic Scroll Emporium.
 51271 | Vaults:3 | Bought a scroll of enchant armour for 105 gold pieces
 51271 | Vaults:3 | Bought a scroll of fog for 28 gold pieces
 51271 | Vaults:3 | Bought a scroll of blinking for 105 gold pieces
 51271 | Vaults:3 | Bought a scroll of blinking for 105 gold pieces
 51271 | Vaults:3 | Bought a scroll of teleportation for 42 gold pieces
 51273 | Vaults:3 | Found Anuubluc's Distillery.
 51315 | Vaults:3 | Bought a potion of heal wounds for 80 gold pieces
 51315 | Vaults:3 | Bought a potion of heal wounds for 80 gold pieces
 51315 | Vaults:3 | Bought 3 potions of heal wounds for 240 gold pieces
 51315 | Vaults:3 | Bought 2 potions of mutation for 256 gold pieces
 51315 | Vaults:3 | Bought a potion of resistance for 160 gold pieces
 51315 | Vaults:3 | Bought a potion of magic for 80 gold pieces
 51315 | Vaults:3 | Bought a potion of curing for 40 gold pieces
 51315 | Vaults:3 | Bought a potion of curing for 40 gold pieces
 51508 | Vaults:3 | Identified the cursed +0 dagger of Kufu {pierce, Int+4}
 51533 | Vaults:3 | Identified Noogouno's Reference Book on Beguiling and
                  | Darkness
 51535 | Vaults:3 | Identified the Compendium of the Assistive Frostbite
 52057 | Zot:1    | Entered Level 1 of the Realm of Zot
 52150 | Zot:1    | Reached skill level 8 in Dodging
 52191 | Depths:5 | Learned a level 3 spell: Spectral Weapon
 52284 | Zot:1    | Reached skill level 1 in Hexes
 52290 | Zot:1    | Reached skill level 13 in Earth Magic
 52298 | Zot:1    | Reached skill level 2 in Hexes
 52368 | Zot:1    | Reached skill level 3 in Hexes
 52477 | Zot:1    | Identified the ring "Rear" {Fire *Corrode Str+6}
 52509 | Zot:1    | Reached skill level 14 in Earth Magic
 52512 | Zot:1    | Reached skill level 4 in Hexes
 52774 | Zot:1    | Identified the ring of Ziodghawn {Fire rPois MR+ Str+3}
 53067 | Zot:1    | Noticed a Killer Klown
 53070 | Zot:1    | Noticed a Killer Klown
 53076 | Zot:1    | Reached skill level 5 in Hexes
 53085 | Zot:1    | Noticed a golden dragon
 53096 | Depths:5 | Reached skill level 20 in Armour
 53125 | Depths:5 | Killed a Killer Klown
 53143 | Zot:1    | Killed a Killer Klown
 53147 | Zot:1    | Killed a golden dragon
 53148 | Zot:1    | Reached skill level 22 in Fighting
 53521 | Zot:2    | Noticed a golden dragon
 53557 | Zot:2    | Killed a golden dragon
 53558 | Zot:2    | Reached skill level 18 in Evocations
 53565 | Zot:2    | Reached skill level 13 in Shields
 54961 | Zot:4    | Noticed a golden dragon
 54972 | Zot:4    | HP: 18/256 [death cob (21)]
 55422 | Zot:4    | Reached skill level 21 in Armour
 55422 | Zot:4    | Reached skill level 19 in Evocations
 55467 | Zot:4    | Reached skill level 14 in Shields
 55624 | Zot:5    | Entered Level 5 of the Realm of Zot
 55979 | Zot:5    | Noticed an orb of fire
 55993 | Zot:5    | Killed an orb of fire
 55994 | Zot:5    | Reached skill level 23 in Fighting
 56374 | Zot:5    | Noticed an ancient lich
 56404 | Zot:5    | Killed an ancient lich
 56777 | Zot:5    | Noticed an orb of fire
 56782 | Zot:5    | Gained mutation: You are dopey. (Int -2) [an orb of fire]
 56787 | Zot:5    | Gained mutation: You do not regenerate when monsters are
                  | visible. [an orb of fire]
 56790 | Zot:5    | Gained mutation: You are frail. (-10% HP) [an orb of fire]
 56794 | Zot:5    | Killed an orb of fire
 56816 | Zot:5    | Noticed an orb of fire
 56832 | Zot:5    | Gained mutation: Your spells are a little easier to cast,
                  | but a little less powerful. [an orb of fire]
 56841 | Zot:5    | Killed an orb of fire
 56845 | Zot:5    | Learned a level 2 spell: Swiftness
 57112 | Zot:5    | Noticed a golden dragon
 57123 | Zot:5    | Killed a golden dragon
 57295 | Zot:5    | Noticed an orb of fire
 57304 | Zot:5    | Gained mutation: Scrolls take you a little longer to read.
                  | [an orb of fire]
 57309 | Zot:5    | Killed an orb of fire
 57310 | Zot:5    | Reached skill level 20 in Evocations
 57538 | Zot:5    | Noticed a Killer Klown
 57815 | Zot:5    | Noticed a Killer Klown
 57819 | Zot:5    | Noticed an orb of fire
 57821 | Zot:5    | Noticed an orb of fire
 57823 | Zot:5    | Killed a Killer Klown
 57834 | Zot:5    | Gained mutation: You are clumsy. (Dex -2) [an orb of fire]
 57840 | Zot:5    | Killed an orb of fire
 57841 | Zot:5    | Reached skill level 15 in Shields
 57845 | Zot:5    | Gained mutation: You are very frail. (-20% HP) [an orb of
                  | fire]
 57850 | Zot:5    | Gained mutation: Armour fits poorly on your strangely
                  | shaped body. [an orb of fire]
 57851 | Zot:5    | Killed an orb of fire
 57907 | Zot:5    | Reached skill level 22 in Armour
 58111 | Zot:5    | Noticed a Killer Klown
 58123 | Zot:5    | Killed a Killer Klown
 58139 | Zot:5    | Killed a Killer Klown
 58176 | Zot:5    | Noticed an ancient lich
 58187 | Zot:5    | Killed an ancient lich
 58514 | Zot:5    | Noticed an ancient lich
 58527 | Zot:5    | Killed an ancient lich
 58837 | Zot:5    | Lost mutation: You are clumsy. (Dex -2) [potion of
                  | mutation]
 58837 | Zot:5    | Lost mutation: Scrolls take you a little longer to read.
                  | [potion of mutation]
 58837 | Zot:5    | Lost mutation: You are very frail. (-20% HP) [potion of
                  | mutation]
 58837 | Zot:5    | Gained mutation: Your magical capacity is low. (-10% MP)
                  | [potion of mutation]
 58837 | Zot:5    | Gained mutation: You are very frail. (-20% HP) [potion of
                  | mutation]
 58837 | Zot:5    | Lost mutation: You do not regenerate when monsters are
                  | visible. [potion of mutation]
 58838 | Zot:5    | Lost mutation: Armour fits poorly on your strangely shaped
                  | body. [potion of mutation]
 58838 | Zot:5    | Lost mutation: You are very frail. (-20% HP) [potion of
                  | mutation]
 58838 | Zot:5    | Lost mutation: Your magical capacity is low. (-10% MP)
                  | [potion of mutation]
 58838 | Zot:5    | Gained mutation: Armour fits poorly on your strangely
                  | shaped body. [potion of mutation]
 58838 | Zot:5    | Gained mutation: You are partially covered in iridescent
                  | scales. (AC +2) [potion of mutation]
 58838 | Zot:5    | Lost mutation: You are frail. (-10% HP) [potion of
                  | mutation]
 58839 | Zot:5    | Lost mutation: Your spells are a little easier to cast, but
                  | a little less powerful. [potion of mutation]
 58839 | Zot:5    | Lost mutation: Armour fits poorly on your strangely shaped
                  | body. [potion of mutation]
 58839 | Zot:5    | Gained mutation: You tend to lose your temper in combat.
                  | [potion of mutation]
 58839 | Zot:5    | Gained mutation: You evolve. [potion of mutation]
 58839 | Zot:5    | Lost mutation: You tend to lose your temper in combat.
                  | [potion of mutation]
 58877 | Zot:5    | Noticed an orb of fire
 58880 | Zot:5    | Reached skill level 24 in Fighting
 58880 | Zot:5    | Gained mutation: Your body sometimes deteriorates upon
                  | taking damage. [an orb of fire]
 58886 | Zot:5    | Gained mutation: You are clumsy. (Dex -2) [an orb of fire]
 58894 | Zot:5    | Gained mutation: Potions are less effective at restoring
                  | your health. [an orb of fire]
 58896 | Zot:5    | Gained mutation: Your body often deteriorates upon taking
                  | damage. [an orb of fire]
 58899 | Zot:5    | Killed an orb of fire
 58900 | Zot:5    | Reached skill level 21 in Evocations
 58963 | Zot:5    | Got the Orb of Zot
 59344 | D:8      | Noticed a seraph
 59379 | D:9      | Noticed Geahu the pandemonium lord
 59468 | D:6      | Noticed Nuutay the pandemonium lord
 59607 | D:$      | Escaped with the Orb!

Skill      XL: |  1  2  3  4  5  6  7  8  9 10 11 12 13 14 15 16 17 18 19 20 21 22 23 24 25 26 27 |
---------------+----------------------------------------------------------------------------------+-----
Fighting       | 1 2 3 4 6 7 8 9 11 12 13 15 16 18 19 20 21 24 | 24.1
Maces & Flails | 5 6 8 9 12 14 21 22 24 27 | 27.0
Evocations     | 1 4 5 6 8 10 11 12 13 14 15 16 17 21 | 21.1
Armour         | 4 6 8 9 12 13 15 16 17 18 19 22 | 22.5
Throwing       | 5 |  5.0
Shields        | 4 6 8 11 12 15 | 15.9
Dodging        | 4 6 7 8 |  8.0
Invocations    | 5 8 |  8.0
Slings         | 6 11 12 13 14 15 | 15.7
Earth Magic    | 4 9 12 14 | 14.0
Spellcasting   | 3 7 8 10 | 10.0
Fire Magic     | 6 9 10 | 10.0
Charms         | 4 5 6 11 | 11.0
Air Magic      | 7 |  7.0
Transmutations | 4 |  4.0
Hexes          | 5 |  5.0
Translocations | |  1.0

Action                   |  1- 3 |  4- 6 |  7- 9 | 10-12 | 13-15 | 16-18 | 19-21 | 22-24 | 25-27 || total
-------------------------+-------+-------+-------+-------+-------+-------+-------+-------+-------++-------
Melee: Mace              |    94 |    52 |       |       |       |       |       |       |       ||   146
       Flail             |       |    36 |    28 |       |       |       |       |       |       ||    64
       Shillelagh        |       |       |   131 |   371 |   649 |   783 |   898 |   721 |   979 ||  4532
 Fire: Hunting sling     |    15 |    41 |    55 |       |       |       |       |       |       ||   111
       Fustibalus        |       |       |       |     3 |   177 |   537 |   364 |   337 |   201 ||  1619
Throw: Stone             |       |     6 |       |       |       |       |       |       |       ||     6
       Tomahawk          |       |       |     1 |    72 |    72 |    69 |    44 |    56 |   281 ||   595
 Cast: Flaming Arrows    |       |       |       |       |       |       |    35 |    38 |    19 ||    92
       Lee's Rapid Decon |       |       |       |       |       |       |    34 |    63 |     5 ||   102
       Deflect Missiles  |       |       |       |       |       |       |       |     1 |     4 ||     5
       Passwall          |       |       |       |       |       |       |       |       |    13 ||    13
Invok: Hew               |       |       |       |     2 |     2 |    14 |    28 |     3 |     4 ||    53
       Major Destruction |       |       |       |     1 |     1 |     3 |       |       |       ||     5
 Abil: Evoke Flight      |       |       |       |       |       |     2 |       |       |       ||     2
Evoke: Wand              |       |       |     4 |     2 |    10 |    19 |     7 |     4 |    26 ||    72
       Lightning rod     |       |       |       |       |       |     3 |     2 |     4 |     8 ||    17
       Fan of gales      |       |       |       |       |       |     1 |       |       |     5 ||     6
       Lamp of fire      |       |       |       |       |       |       |     3 |     4 |     5 ||    12
       Sack of spiders   |       |       |       |       |       |       |       |     2 |     1 ||     3
       Phial of floods   |       |       |       |       |       |       |       |       |     4 ||     4
       Box of beasts     |       |       |       |       |       |       |       |       |     2 ||     2
       Phantom mirror    |       |       |       |       |       |       |       |       |     2 ||     2
  Use: Scroll            |     3 |     2 |     5 |    11 |    19 |    11 |     5 |     4 |    12 ||    72
       Potion            |       |     3 |     1 |       |     2 |     6 |       |     1 |    25 ||    38
 Stab: Paralysed         |       |       |       |       |       |     4 |     1 |       |     8 ||    13
       Invisible         |       |       |       |       |       |       |     2 |       |     7 ||     9
       Confused          |       |       |       |       |       |       |       |     1 |       ||     1
  Eat: Chunk             |     7 |     6 |    16 |    23 |    44 |    58 |    35 |    30 |    29 ||   248
       Ration            |       |     1 |       |     1 |     1 |     4 |     7 |    11 |    11 ||    36
Armor: Scale mail        |    42 |    46 |    68 |   129 |   161 |       |       |       |       ||   446
       Chain mail        |       |       |       |       |   198 |    99 |       |       |       ||   297
       Crystal plate arm |       |       |       |       |       |   643 |   501 |   425 |   611 ||  2180
Dodge: Dodged            |    37 |    37 |    71 |   103 |   259 |   208 |   160 |   194 |   237 ||  1306
       Deflected         |       |       |       |       |       |       |       |    72 |    75 ||   147
Block: Buckler           |    21 |    18 |    23 |    66 |   235 |   286 |   474 |   453 |   188 ||  1764
       Reflection        |       |       |       |       |    25 |   114 |    44 |    49 |    34 ||   266
       Medium shield     |       |       |       |       |       |   596 |       |       |   485 ||  1081

Levels and vault maps discovered:
D:1:      eino_arrival_water_cross, layout_loops_corners, minivault_23
D:2:      layout_loops_ring, serial_forest, infiniplex_forest_join,
          infiniplex_forest_clump_long, infiniplex_forest_straight_2,
          infiniplex_forest_clump_cross, infiniplex_forest_clump_double,
          infiniplex_forest_straight_3, hangedman_decor_lopped,
          dk_noncrumbling_3
D:3:      layout_rooms
D:4:      layout_basic, grunt_temple_overflow_open,
          nicolae_overflow_hidden_temple, overflow_temple_1_default,
          first_ration, uniq_blork_the_orc, uniq_natasha, uniq_pikel
D:5:      minmay_chambers_of_threes, layout_rooms, serial_shops, shop,
          uniq_grinder
D:6:      layout_rooms, chequers_temple_overflow_statue_of_worship,
          minmay_temple_entry_antechambers, uniq_sigmund
D:7:      layout_rooms, grunt_temple_overflow_order_and_chaos_1,
          kennysheep_mini_moat, erik_lair_dragon, enter_bailey_5, uniq_joseph
D:8:      layout_basic, kennysheep_orc_monster_closet_entryway, hangedman_ranch
          [blue_anna_fruit_fields]
D:9:      layout_basic, lemuel_crystal_altar, fedhas_altar_3, minivault_27
D:10:     layout_irregular_city, serial_shops, shop, basic_altar, jiyva_altar_1,
          uniq_maurice
D:11:     layout_roguey, bhauth_vaults_entry_pokemon, uniq_urug
D:12:     hangedman_depths_entry_civil_slaughter, layout_stronghold, hex_medium,
          uniq_agnes, uniq_nessos, uniq_josephine
Temple:   nicolae_temple_x_marks_the_god
Lair:1:   layout_cave_pods, grunt_megastairs_4, infiniplex_staircase_pool_2,
          serial_bayou_shore_b, uniq_nergalle
Lair:2:   layout_gridlike, swamp_mist_pool, uniq_harold
Lair:3:   layout_gridlike, elwin_shoals_entry_rooms, minivault_11,
          lemuel_fruit_fields
Lair:4:   dragon1_lemuel, layout_cave_pods
Lair:5:   layout_misc_corridors
Lair:6:   cheibrodos_lair_end_hotspot, layout_small_grid
Swamp:1:  layout_basic_swamp, hangedman_swamp_diagram, swamp_pool2
Swamp:2:  layout_falls_marsh, evilmike_swamp_ruin_house_4, uniq_kirke,
          uniq_donald
Swamp:3:  swamp, layout_basic_swamp
Shoals:1: argonaut_golden_fleece, layout_shoals
Shoals:2: layout_shoals
Shoals:3: shoals_end_simple, layout_shoals
Orc:      st_orc_congregation, layout_caves, minmay_slime_entry_pillars,
          serial_shops, nicolae_shop_waterfront
Elf:1:    nicolae_elf_arrival_dilemma, layout_gridlike, basic_altar,
          serial_shops, shop, hangedman_elf_disciples,
          einodemon_crawler_minivault, uniq_azrael
Elf:2:    elven_hall_of_blades_hangedman_original
          [nicolae_blade_entry_pointy_end], layout_loops_corners, serial_shops,
          nicolae_shop_stone
Elf:3:    minmay_elf_hall_quartered_circle, layout_rooms, serial_shops, shop,
          uniq_mara
Vaults:1: vaults_standard_mumra_lines, vaults_room_pools, nicolae_vaults_theta,
          v_misc_9, v_alt_pattern_6, vaults_mumra_lcd, ontoclasm_vaults_pinch,
          hangedman_vaults_corner_blocks, v_misc_27, v_misc_17,
          vaults_dpeg_hooks, minmay_crypt_entry_skeletal_spiral,
          layout_vaults_big_room, serial_shops, shop, nicolae_shop_trees,
          nicolae_shop_crystal, shop, uniq_aizul
Vaults:2: v_misc_25, nicolae_vaults_alarming, v_misc_2, grunt_vaults_diagonal,
          ontoclasm_vaults_misaligned, hangedman_vaults_stitches,
          nicolae_vaults_inception_scallops, vaults_room_pools,
          grunt_vaults_bifocal, v_alt_pattern_3,
          nicolae_vaults_network_quinsquares
          [nicolae_vaults_network_quincunx_subvault,
          nicolae_vaults_network_quincunx_subvault,
          nicolae_vaults_network_quincunx_subvault,
          nicolae_vaults_network_quincunx_subvault], layout_vaults_omnibox,
          serial_shops, nicolae_shop_window_shopping
Vaults:3
Crypt:1:  ragdoll_tomb_raider, layout_chaotic_city, grunt_megastairs_2,
          grunt_crypt_arrival_webbed, uniq_sojobo
Crypt:2:  lightli_unholy_cathedral, layout_chaotic_city,
          nicolae_tomb_entry_rubble_hallway, minmay_misc_feat_ornament,
          serial_sigils_hangedman_snap
Depths:1: layout_roguey, hex_tiny, pf_coc_iceberg, tgw_lugonu_bribe,
          grunt_megastairs_5
Depths:2: minmay_sliced_demisemicircle, layout_gridlike, enter_ziggurat_c,
          hell_entry, chequers_decorated_corner, nrook_loot_triangle,
          minmay_staircase_bubble
Depths:3: hangedman_cross_stitches, layout_cave_pools, rand_demon_pan_entry_9,
          hell_entry, gammafunk_ghost_berserking_beasts,
          hangedman_abyss_or_decor_slice, st_stairs_1, uniq_jory
Depths:4: gammafunk_corrupted_shrine, layout_basic,
          nicolae_abyss_entry_one_way_or_another, grunt_metal_band,
          nicolae_elevator_lobby_plus, uniq_mennas
Depths:5: grunt_twist_and_shout, layout_gridlike, pan_entry, hell_entry,
          abyss_entry_glasseish, minmay_misc_feat_pillars, uniq_xtahua
Zot:1:    grunt_zot_stairs_faceoff, layout_misc_corridors,
          regret_index_zotdec_bone_old
Zot:2:    layout_cathedral_of_symmetry, regret_index_zotdec_ceiling_fans
Zot:3:    layout_gridville
Zot:4:    kennysheep_blocky_room, layout_misc_corridors, guppyfry_library_mini
Zot:5:    layout_basic

Table legend:
 A = Turns spent in this place as a percentage of turns spent in the entire game.
 B = Non-inter-level travel turns spent in this place as a percentage of non-inter-level travel turns spent in the entire game.
 C = Inter-level travel turns spent in this place as a percentage of turns spent in this place.
 D = Turns resting spent in this place as a percentage of non-inter-level travel turns spent in this place.
 E = Turns spent auto-exploring this place as a percentage of non-inter-level travel turns spent in this place.
 F = Non-inter-level travel turns spent in this place divided by the number of levels of this place that you've seen.
                   A       B       C       D       E      F
               +-------+-------+-------+-------+-------+----------------------
         Total | 100.0 | 100.0 |   9.7 |  20.3 |  54.1 | 1196.2
       Dungeon |  23.9 |  22.3 |  15.8 |  16.3 |  59.5 | 1001.8
        Temple |   0.1 |   0.1 |   0.0 |   0.0 |  80.4 |  51.0
          Lair |  12.2 |  11.8 |  12.1 |   6.9 |  75.7 | 1062.3
         Swamp |   6.6 |   6.9 |   5.2 |  19.8 |  57.8 | 1245.3
        Shoals |   5.4 |   5.6 |   4.8 |   4.2 |  70.4 | 1012.7
  Orcish Mines |   2.6 |   2.6 |  10.9 |  33.8 |  39.1 | 1395.0
   Elven Halls |   8.0 |   8.1 |   9.3 |  27.1 |  42.8 | 1446.3
        Vaults |  10.0 |  10.2 |   7.8 |  12.0 |  55.7 | 1829.3
         Crypt |   6.0 |   6.5 |   2.3 |  22.5 |  46.4 | 1751.0
        Depths |  13.2 |  13.1 |  10.2 |  18.6 |  55.4 | 1410.6
           Zot |  11.3 |  11.9 |   4.9 |  49.8 |  24.8 | 1283.2
        Bailey |   0.7 |   0.8 |   0.0 |  14.6 |  49.4 | 417.0
               +-------+-------+-------+-------+-------+----------------------

Table legend:
 A = Kills in this place as a percentage of kills in entire the game.
 B = Kills by you in this place as a percentage of kills by you in the entire game.
 C = Kills by friends in this place as a percentage of kills by friends in the entire game.
 D = Other kills in this place as a percentage of other kills in the entire game.
 E = Experience gained in this place as a percentage of experience gained in the entire game.
 F = Experience gained in this place divided by the number of levels of this place that you have seen.
                   A       B       C       D       E      F
               +-------+-------+-------+-------+-------+----------------------
         Total | 100.0 | 100.0 | 100.0 | 100.0 | 100.0 | 36572.2
       Dungeon |  17.9 |  18.1 |  14.3 |  12.8 |   4.9 | 6666.8
          Lair |   8.2 |   8.4 |   0.0 |   0.0 |   3.1 | 8514.2
         Swamp |   6.2 |   6.4 |   0.0 |   0.0 |   3.8 | 20663.7
        Shoals |   6.0 |   5.5 |   0.0 |  33.3 |   4.1 | 22441.3
  Orcish Mines |   5.3 |   5.4 |   0.0 |   0.0 |   0.9 | 14155.0
   Elven Halls |   7.0 |   7.0 |   0.0 |  10.3 |   7.4 | 40839.0
        Vaults |  16.2 |  16.2 |   0.0 |  17.9 |  17.9 | 97930.7
         Crypt |   7.7 |   7.8 |   0.0 |   2.6 |   9.0 | 74349.0
        Depths |  15.0 |  15.0 |   0.0 |  15.4 |  22.9 | 75451.2
           Zot |   8.7 |   8.5 |  85.7 |   7.7 |  26.0 | 85717.0
        Bailey |   1.6 |   1.7 |   0.0 |   0.0 |   0.0 | 346.0
               +-------+-------+-------+-------+-------+----------------------
